Cholera, chaotic female elven Wizard ---- ------- ----..| |..|-.-- |.....--- ---..|... ---..|....| --- |.))-|.. |...-|....| |..- |(|%|-..- |^-----..-- --... ---.|(|...| |.| |..| |....-- |.%.)(|...-- |.| --.--- |.....----.|%|.|-...| |.| |...| |..........|-|.|-..>| |.| ---.-----.......-| |*|...@--- |.| |...----.......| |.|[|..r.| |.| ---..----...[..| |)..|.--G| |.| |...........-- --^.|.| . |.| |...----.-..| ---|.| .. |.| --.-- |....-- -.- .| |.| --- --....| . -- |.-- .......-- . |..| -.........| . |<.| ..........-- -.- ---- ----.--.---- --- -- -- Cholera the Conjurer Experience level: 4 Strength: 12 Dexterity: 10 Constitution: 13 Intelligence: 20 Wisdom: 11 Charisma: 10 Health: 0(24) Energy: 48(48) Def: 1 Gold: 160 Moves: 1020 Dungeon seed: VOx7XmcYbU_RJp5A Game ID: Cholera_1518712855 Your Inventory: Coins $ - 160 gold pieces Weapons a - a blessed +1 quarterstaff l - a blessed +0 orcish dagger (weapon in hand) p - a blessed +0 knife s - 5 uncursed +0 daggers (in quiver) Armor e - an uncursed +0 cloak of magic resistance (being worn) Comestibles j - 3 uncursed lichen corpses u - an uncursed partly eaten gnome lady corpse Scrolls k - an uncursed scroll of create monster o - an uncursed scroll of scare monster Spellbooks d - a blessed spellbook of magic missile f - a blessed spellbook of confuse monster Potions t - an uncursed potion of confusion Wands b - an uncursed wand of striking (0:5) q - an uncursed wand of sleep (0:5) r - an uncursed wand of teleportation (0:4) Tools h - an uncursed blindfold i - an uncursed wooden flute Gems n - 3 uncursed worthless pieces of violet glass Spells and supernatural/magical abilities: Name Level Category Fail Memory a - force bolt 1 attack 0% 99% A - create familiar 3 clerical 71% 99% W - pray for help -- divine ? -- Your skills at the end: Fighting Skills wands [Basic] Weapon Skills quarterstaff [Basic] Spellcasting Skills attack spells [Basic] enchantment spells [Basic] Final Attributes: You were sleep resistant. You were magic resistant. You saw invisible. You had infravision. You are dead. Vanquished creatures: 2 gnome lords 2 dwarves 2 acid blobs a hobbit 6 gnomes a gecko 3 jackals 4 foxes a kobold 2 goblins 2 sewer rats 4 grid bugs 7 lichens a newt 38 creatures vanquished. Voluntary challenges: You were an atheist. You used a wielded weapon 14 times, starting on turn 18. You read items or engraved 10 times, starting on turn 1. You never genocided any monsters. You never polymorphed an object. You never changed form. You used no wishes. You never split a pudding. You never wrote Elbereth's name. You never violated your personal moral code. Dungeon overview: The Dungeons of Doom: levels 1 to 2 Level 1 a fountain a long staircase Level 2 stairs to The Gnomish Mines The Gnomish Mines: Level 3 <- You were here stairs to The Dungeons of Doom History has recorded: On T:1 you entered the Dungeons of Doom to retrieve the Amulet of Yendor! On T:266 you advanced to experience level 2. On T:449 you reached level 2 of The Dungeons of Doom. On T:595 you advanced to experience level 3. On T:809 you reached level 1 of The Gnomish Mines. On T:988 you advanced to experience level 4. Score breakdown: Gold: 160 ( 7506 points) Experience: 4 levels ( 9649 points) Exploration: 3 levels ( 6.00%) ( 6060 points) Discoveries: 1 item ( 0.35%) ( 1773 points) Valuables value: (no points given unless you survive) Artifact value: 0 ( 0 points) Variety of kills: 14 monsters ( 3.68%) ( 5758 points) Turncount: 1020 turns ( 0 points) Survival: died (score multiplied by 80%) Total score: 24596 Latest messages: [2 turns] Never mind. This gnome lady corpse tastes terrible! You stop eating. The sewer rat misses. [2 turns] You miss the sewer rat. The sewer rat bites! You hit the sewer rat. The sewer rat bites! You miss the sewer rat. The sewer rat bites! (2x) [2 turns] You miss the sewer rat. The sewer rat bites! You miss the sewer rat. The sewer rat bites! You miss the sewer rat. The sewer rat bites! You die... Final status: Goodbye Cholera the Wizard, killed by a sewer rat... You died in The Gnomish Mines on dungeon level 3 with 24596 points, and 160 pieces of gold, after 1020 moves. You were level 4 with a maximum of 24 hit points when you died.